 Dungeon Crawl Stone Soup version 0.30-a0-778-g2ef04afb54 (webtiles) character file.

Game seed: 679843969714653529

3830 Conn the Thaumaturge (level 9, -18/46 HPs)
             Began as a Deep Elf Fire Elementalist on Feb 13, 2023.
             Was a Follower of Sif Muna.
             Demolished by an orc warlord
             ... wielding a +5 broad axe
              (31 damage)
             ... in a bailey on Feb 16, 2023.
             The game lasted 00:22:07 (5941 turns).

Conn the Thaumaturge (Deep Elf Fire Elementalist)   Turns: 5941, Time: 00:22:08

Health: -18/46     AC:  4    Str:  9    XL:     9   Next: 97%
Magic:  17/25      EV: 13    Int: 25    God:    Sif Muna [*.....]
Gold:   435        SH:  0    Dex: 15    Spells: 6/28 levels left

rFire   + . .      SeeInvis .    J - +6 dagger of Guile {elec, rElec Str+4}
rCold   . . .      Faith    .    (no shield)
rNeg    . . .      Spirit   .    a - +0 robe
rPois   .          Reflect  .    (no helmet)
rElec   +          Harm     .    A - +0 cloak
rCorr   .          Rampage  .    f - +0 pair of gloves
Will    .....                    (no boots)
Stlth   +                        l - amulet of magic regeneration
HPRegen 0.27/turn                C - ring of protection from fire
MPRegen 0.59/turn                (no ring)

@: confused
A: no striking features
a: Renounce Religion, Channel Magic


You were in a bailey.
You worshipped Sif Muna.
Sif Muna was aware of your devotion.
You visited 2 branches of the dungeon, and saw 8 of its levels.
You also visited: Bailey.

You collected 435 gold pieces.

Inventory:

Hand Weapons
 e - a +1 whip of freezing
 v - a +2 dagger of protection
 J - the +6 dagger of Guile (weapon) {elec, rElec Str+4}
   (You took it off a gnoll in a bailey)

   Str:       It affects your strength (+4).
   rElec:     It insulates you from electricity.
Missiles
 I - a throwing net
Armour
 a - a +0 robe (worn)
 f - a +0 pair of gloves (worn)
 A - a +0 cloak (worn)
Jewellery
 l - an amulet of magic regeneration (around neck)
 u - a ring of ice
 C - a ring of protection from fire (left hand)
Wands
 q - a wand of paralysis (8)
 H - a wand of iceblast (2)
Scrolls
 c - 2 scrolls of immolation {unknown}
 d - 6 scrolls of enchant armour {unknown}
 g - 2 scrolls of fear {unknown}
 h - a scroll of amnesia {unknown}
 j - 2 scrolls of poison {unknown}
 k - 4 scrolls of identify {unknown}
 n - 7 scrolls of teleportation {unknown}
 s - a scroll of butterflies {unknown}
 t - a scroll of torment {unknown}
 y - 3 scrolls of enchant weapon {unknown}
 B - 2 scrolls of fog {unknown}
 D - a scroll of blinking {unknown}
 E - 2 scrolls of vulnerability {unknown}
 F - a scroll of magic mapping {unknown}
 G - 2 scrolls of acquirement
Potions
 b - 2 potions of magic
 i - 2 potions of heal wounds
 m - 3 potions of curing {unknown}
 o - a potion of flight {unknown}
 p - a potion of attraction {unknown}
 r - 3 potions of cancellation {unknown}
 w - a potion of degeneration {unknown}
 x - a potion of ambrosia {unknown}
 z - 2 potions of mutation {unknown}


   Skills:
 + Level 0.6 Fighting
 + Level 0.3 Short Blades
 + Level 1.0 Maces & Flails
 + Level 3.1 Dodging
 + Level 4.1 Stealth
 + Level 10.3 Spellcasting
 * Level 5.3 Conjurations
 + Level 2.5 Hexes
 * Level 3.4 Summonings
 - Level 2.5 Transmutations
 * Level 9.2 Fire Magic
 + Level 2.5 Ice Magic
 + Level 1.8 Air Magic
 - Level 3.0 Poison Magic
 * Level 1.7 Invocations
 + Level 0.5 Evocations


You had 6 spell levels left.
You knew the following spells:

 Your Spells              Type           Power      Damage    Failure   Level
a - Foxfire               Conj/Fire      100%       2x1d9     1%          1
b - Hailstorm             Conj/Ice       32%        3d8       2%          3
c - Inner Flame           Hex/Fire       42%        N/A       1%          3
d - Flame Wave            Conj/Fire      49%        2d12      2%          4
e - Scorch                Fire           100%       2d10      1%          2
f - Mephitic Cloud        Conj/Pois/Air  29%        N/A       3%          3
g - Ignite Poison         Fire/Tmut/Pois 37%        N/A       1%          3
h - Call Canine Familiar  Summ           30%        N/A       3%          3

Your spell library contained the following spells:

 Spells                   Type           Power      Damage    Failure   Level
 Freeze                   Ice            100%       1d10      1%          1
 Ensorcelled Hibernation  Hex/Ice        50%        N/A       2%          2
 Poisonous Vapours        Pois/Air       50%        N/A       2%          2
 Cigotuvi's Dreadful Rot  Necr/Pois/Air  42%        N/A       3%          2
 Kindle Blastsparks       Fire/Tloc/Air  62%        2d15      3%          3
 Frozen Ramparts          Ice            50%        1d8       4%          3
 Spider Form              Tmut/Pois      26%        N/A       4%          3
 Tukima's Dance           Hex            25%        N/A       4%          3
 Portal Projectile        Hex/Tloc       38%        N/A       9%          3
 Ice Form                 Ice/Tmut       25%        N/A       17%         4
 Anguish                  Hex/Necr       9%         N/A       28%         4
 Leda's Liquefaction      Hex/Erth       9%         N/A       28%         4
 Blade Hands              Tmut           12%        N/A       41%         5
 Simulacrum               Ice/Necr       9%         N/A       99%         6
 Dragon Form              Tmut           12%        N/A       100%        7


Dungeon Overview and Level Annotations

Branches:
Dungeon (7/15)             Temple (1/1) D:7          Bailey (1/1)

Altars:
Ashenzari
Elyvilon
Fedhas
Hepliaklqana
Kikubaaqudgha
Makhleb
Nemelex Xobeh
Okawaru
Qazlal
Sif Muna
Trog
Vehumet
Wu Jian
Yredelemnul
The Shining One


Message History

Confirm with . or Enter, or press ? or * to list all spells.
Aiming: Mephitic Cloud (dangerous; 3% risk of failure)
Press: ? - help, Shift-Dir - straight line, f/p - orc warlord
Aim: an orc warlord, wielding a +5 broad axe and wearing a +0 chain mail (lightly wounded, fast, inner flame, chance to affect: 29%) That beam is likely to hit you.
Continue anyway?
The ball explodes into a vile cloud!
The stinking cloud engulfs the orc warlord but does no damage.
The orc warlord is lightly wounded.
The stinking cloud engulfs you but does no damage.
You are engulfed in noxious fumes.
You choke on the stench!
You are confused.
You hear a shout!
The orc warlord is engulfed in noxious fumes.
The orc warlord hits you with a +5 broad axe!
You feel much better.
You are engulfed in noxious fumes.
You choke on the stench!
You are more confused.
The orc warlord is engulfed in noxious fumes.
The orc warlord hits you with a +5 broad axe.
The orc warlord is engulfed in noxious fumes.
The orc warlord hits you with a +5 broad axe!
Okay, then.
Unknown command.
You are engulfed in noxious fumes.
You choke on the stench!
You are more confused.
You feel less invigorated.
The orc warlord is engulfed in noxious fumes.
The orc warlord hits you with a +5 broad axe!!
Ouch! That really hurt!
* * * LOW HITPOINT WARNING * * *
You feel much better.
You are engulfed in noxious fumes.
You choke on the stench!
You are more confused.
The orc warlord is engulfed in noxious fumes.
The orc warlord hits you with a +5 broad axe!
* * * LOW HITPOINT WARNING * * *
The orc warlord is engulfed in noxious fumes.
The orc warlord hits you with a +5 broad axe!!
Ouch! That really hurt!
You die...

..### #'#.### # .
###.....### ## ..
##.........## .#
...##8..).......# .#
....#8.)).......# .#
....'.○°○)⌠....∩# .#
g...#8)o°.).....# .#
. #8)@........# ###
###.........## #.###
###.###.....###
....###
###.....#'#.###
..[...###.........###
[......#...........#
.......#.[[........#
.⌠.....#[[[[.⌠.....#
.......[.[.........#


You could see an orc warlord (fast, inner flame).

Vanquished Creatures
  An orc knight (Bailey)
  A hornet (D:6)
  A wyvern (D:6)
  Menkaure (D:5)
  A water moccasin (D:6)
  A sky beast (D:7)
  9 orc warriors (Bailey)
  3 black bears
  2 centaurs
  4 ogres
  3 phantoms
  2 scorpions
  2 bullfrogs
  A wight (D:7)
  An electric eel (D:6)
  A howler monkey (D:6)
  An orc priest (D:3)
  2 hounds (D:5)
  Jessica (D:2)
  2 iguanas
  3 orc wizards
  4 adders
  13 gnolls
  2 white imps
  2 worms
  5 dart slugs
  19 orcs
  6 ball pythons
  3 bats
  6 endoplasms
  4 giant cockroaches
  14 hobgoblins
  A quokka (D:1)
  A frilled lizard (D:1)
  24 goblins
  6 kobolds
  4 rats
157 creatures vanquished.

Vanquished Creatures (others)
  486 foxfires
  3 plants
489 creatures vanquished.

Grand Total: 646 creatures vanquished

Notes
Turn   | Place    | Note
-------+----------+-------------------------------------------
     0 | D:1      | Conn the Deep Elf Fire Elementalist began the quest for the
                  | Orb.
     0 | D:1      | Reached XP level 1. HP: 10/10 MP: 6/6
     0 | D:1      | Upgraded the game from 0.30-a0-776-g08fbeb92c1 to
                  | 0.30-a0-777-ga9a30cbeda
   333 | D:1      | Got Xufidd's Elucidation of the Gestalt
   366 | D:1      | Reached XP level 2. HP: 10/15 MP: 8/8
  1184 | D:2      | Reached XP level 3. HP: 19/19 MP: 7/10
  2023 | D:3      | Learned a level 2 spell: Scorch
  2027 | D:3      | Learned a level 3 spell: Inner Flame
  2048 | D:3      | Noticed Jessica
  2111 | D:3      | Reached skill level 4 in Spellcasting
  2111 | D:3      | Reached XP level 4. HP: 24/24 MP: 7/12
  2120 | D:2      | Killed Jessica
  2264 | D:3      | Reached skill level 1 in Maces & Flails
  2274 | D:3      | Reached XP level 5. HP: 28/28 MP: 8/13
  2442 | D:3      | Found a faded altar of an unknown god.
  2924 | D:4      | Found an ornate altar of the Wu Jian Council.
  3056 | D:4      | Reached skill level 5 in Spellcasting
  3086 | D:4      | Noticed a black bear
  3107 | D:4      | Killed a black bear
  3108 | D:4      | Reached XP level 6. HP: 32/32 MP: 10/16
  3307 | D:4      | Found a bloodstained altar of Trog.
  3490 | D:4      | Reached skill level 6 in Spellcasting
  3490 | D:4      | Reached skill level 5 in Fire Magic
  3731 | D:5      | Entered Level 5 of the Dungeon
  3799 | D:5      | Noticed Menkaure
  3804 | D:5      | Killed Menkaure
  3805 | D:5      | Reached XP level 7. HP: 32/36 MP: 14/19
  3878 | D:5      | Reached skill level 7 in Spellcasting
  3897 | D:5      | Found a broken altar of Ashenzari.
  3932 | D:5      | Reached skill level 8 in Spellcasting
  4232 | D:5      | Learned a level 4 spell: Flame Wave
  4236 | D:5      | Learned a level 3 spell: Hailstorm
  4367 | D:6      | Reached XP level 8. HP: 41/41 MP: 18/22
  4425 | D:6      | Learned a level 3 spell: Mephitic Cloud
  4449 | D:6      | Reached skill level 1 in Ice Magic
  4482 | D:6      | Learned a level 3 spell: Ignite Poison
  4486 | D:6      | Learned a level 3 spell: Call Canine Familiar
  4494 | D:6      | Noticed a hornet
  4499 | D:6      | Reached skill level 9 in Spellcasting
  4504 | D:6      | Killed a hornet
  4505 | D:6      | Reached skill level 1 in Hexes
  4541 | D:6      | Reached skill level 1 in Summonings
  4543 | D:6      | Reached skill level 1 in Transmutations
  4543 | D:6      | Reached skill level 1 in Poison Magic
  4730 | D:6      | Reached skill level 1 in Air Magic
  5063 | D:7      | Reached XP level 9. HP: 45/45 MP: 18/24
  5231 | D:7      | Found a staircase to the Ecumenical Temple.
  5240 | Temple   | Entered the Ecumenical Temple
  5299 | Temple   | Became a worshipper of Sif Muna the Loreminder
  5315 | D:7      | Found a flagged portal.
  5334 | Bailey   | Entered a bailey
  5439 | Bailey   | Noticed an orc knight
  5476 | Bailey   | Reached * piety under Sif Muna
  5517 | Bailey   | Killed an orc knight
  5518 | Bailey   | Reached skill level 1 in Invocations
  5700 | Bailey   | Identified the +6 dagger of Guile {elec, rElec Str+4}
  5723 | Bailey   | Reached skill level 10 in Spellcasting
  5723 | Bailey   | Reached skill level 5 in Conjurations
  5860 | Bailey   | Upgraded the game from 0.30-a0-777-ga9a30cbeda to
                  | 0.30-a0-778-g2ef04afb54
  5923 | Bailey   | Noticed an orc warlord
  5941 | Bailey   | Demolished by an orc warlord

Illustrated notes

Levels and vault maps discovered:
D:1:      lightli_arrival_boilingwater, layout_basic, serial_curves,
          eino_curves_04, eino_curves_02, eino_curves_04, eino_curves_03,
          minivault_14, minmay_tromino_v2
D:2:      layout_basic
D:3:      layout_loops_cross, dreamdust_ecumenical_altar_grove, uniq_jessica
D:4:      layout_basic, nicolae_wu_jian_wuxing_cycle, trog_three_pillars_becter
D:5:      layout_rooms, evilmike_ruin_ashenzari, serial_park_tiny_pond,
          uniq_menkaure
D:6:      layout_cave_pools, st_stairs_6, serial_bayou_ford_a,
          chequers_serial_rivers_marsh
D:7:      minmay_the_grid_triangle_9x9_recursive_2
          [minmay_the_grid_triangle_9x9_prize_insulated,
          minmay_the_grid_triangle_9x9_impossible_snake,
          minmay_the_grid_triangle_9x9_windchime,
          minmay_the_grid_triangle_9x9_stretched_checkered], layout_gridville,
          led_xom_imps, nicolae_ru_great_annihilating_truth,
          minmay_temple_entry_ruins, enter_bailey_5, serial_shops,
          nicolae_take_the_stairs
Temple:   nicolae_temple_superstar
Bailey:   bailey_axe_minmay_hex_keep, bailey

Skill      XL: |  1  2  3  4  5  6  7  8  9 |
---------------+----------------------------+-----
Fire Magic     | 4 5 6 7 9 |  9.2
Spellcasting   | 4 5 6 8 9 10 | 10.3
Conjurations   | 2 3 4 5 |  5.3
Maces & Flails | 1 |  1.0
Stealth        | 3 4 |  4.1
Dodging        | 3 |  3.1
Ice Magic      | 2 |  2.5
Hexes          | 1 2 |  2.5
Summonings     | 2 3 |  3.4
Transmutations | 2 |  2.5
Poison Magic   | 1 3 |  3.0
Air Magic      | 1 |  1.8
Invocations    | 1 |  1.7
Fighting       | |  0.6
Short Blades   | |  0.3
Evocations     | |  0.5

Action                     |  1- 3 |  4- 6 |  7- 9 || total
---------------------------+-------+-------+-------++-------
  Melee: Unarmed           |     3 |       |       ||     3
         Whip              |    35 |       |       ||    35
         Dagger            |       |    17 |    12 ||    29
   Cast: Foxfire           |    70 |    59 |   154 ||   283
         Scorch            |     2 |    25 |    65 ||    92
         Mephitic Cloud    |       |       |    10 ||    10
         Flame Wave        |       |       |     6 ||     6
         Inner Flame       |       |       |     4 ||     4
         Call Canine Famil |       |       |     3 ||     3
         Ignite Poison     |       |       |     2 ||     2
         Hailstorm         |       |       |     1 ||     1
 Invoke: Channel Magic     |       |       |     1 ||     1
  Evoke: Wand              |       |       |     4 ||     4
    Use: Potion            |       |       |     4 ||     4
   Stab: Sleeping          |     2 |     1 |       ||     3
         Paralysed         |       |       |     4 ||     4
 Armour: Robe              |    13 |    12 |     2 ||    27
  Dodge: Dodged            |    24 |    17 |    29 ||    70

Table legend: (Time is in decaauts)
 A = Elapsed time spent in this place.
 B = Non-inter-level travel time spent in this place.
 C = Inter-level travel time spent in this place.
 D = Time resting spent in this place.
 E = Time spent auto-exploring this place.
 F = Levels seen in this place.
 G = Mean time per level.
                   A        B        C        D        E       F      G
               +--------+--------+--------+--------+--------+-----+--------+
         Total |   5958 |   5805 |    153 |     36 |   4036 |   9 |  662.0 |
       Dungeon |   5283 |   5130 |    153 |     36 |   3714 |   7 |  754.7 |
        Temple |     68 |     68 |      0 |      0 |     44 |   1 |   68.0 |
        Bailey |    606 |    606 |      0 |      0 |    278 |   1 |  606.0 |
               +--------+--------+--------+--------+--------+-----+--------+

Top non-repeatable levels by time:
     D:1: 1177 daAuts
     D:4: 1000 daAuts
     D:2: 886 daAuts
     D:3: 727 daAuts
     D:6: 691 daAuts
  Bailey: 606 daAuts
     D:5: 556 daAuts
     D:7: 244 daAuts
  Temple: 68 daAuts
